 Dungeon Crawl Stone Soup version 0.27.1-1-g398f81649c (webtiles) character file.

Game seed: 4973059437620260205

93 acemry the Changer (level 4, 0/28 HPs)
             Began as an Octopode Transmuter on Sept 6, 2021.
             Slain by an orc wizard (5 damage)
             ... on level 3 of the Dungeon.
             The game lasted 00:06:24 (3244 turns).

acemry the Changer (Octopode Transmuter)            Turns: 3244, Time: 00:06:25

Health: 0/28       AC:  1    Str:  9    XL:     4   Next: 61%
Magic:  7/7        EV: 13    Int: 16    God:
Gold:   70         SH:  0    Dex: 12    Spells: 6/7 levels left

rFire    . . .     SeeInvis .     - Unarmed
rCold    . . .     Faith    .   (no shield)
rNeg     . . .     Spirit   .   (helmet currently unavailable)
rPois    .         Reflect  .   (no amulet)
rElec    .         Harm     .   (no ring)
rCorr    .         Rampage  .   (no ring)
Will     .....                  (no ring)
Stlth    ++........             (no ring)
HPRegen  0.09/turn              (no ring)
MPRegen  0.10/turn              (no ring)
                                (no ring)
                                (no ring)

@: confused, appendages, ambrosia-drunk
A: tentacle spike 3, almost no armour, amphibious, 8 rings, camouflage 1,
gelatinous body 1, (nimble swimmer 1), tentacles
a: End Transformation


You were on level 3 of the Dungeon.
One of your tentacles had grown a beastly spike.
You visited 1 branch of the dungeon, and saw 3 of its levels.

You collected 70 gold pieces.

Inventory:

Missiles
 d - 5 atropa-tipped darts
Potions
 a - a potion of mutation {unknown}
 c - a potion of attraction {unknown}
 e - a potion of heal wounds {unknown}
 f - a potion of degeneration {unknown}
 g - a potion of cancellation {unknown}
 h - a potion of lignification {unknown}


   Skills:
 - Level 1.0 Fighting
 - Level 2.0 Dodging
 - Level 3.0 Unarmed Combat
 - Level 2.0 Spellcasting
 + Level 4.7 Transmutations


You had 6 spell levels left.
You knew the following spells:

 Your Spells              Type           Power      Damage    Failure   Level
a - Beastly Appendage     Tmut           32%        N/A       3%          1

Your spell library contained the following spells:

 Spells                   Type           Power      Damage    Failure   Level
 Wereblood                Tmut           16%        N/A       4%          2
 Spider Form              Tmut/Pois      4%         N/A       24%         3
 Ice Form                 Ice/Tmut       9%         N/A       61%         4


Dungeon Overview and Level Annotations

Branches:
Dungeon (3/15)

Altars:


Innate Abilities, Weirdness & Mutations

One of your tentacles has grown a beastly spike.
You cannot wear most types of armour.
You are amphibious.
You can wear up to eight rings at the same time.
Your skin changes colour to match your surroundings (Stealth+).
Your rubbery body absorbs attacks. (AC +1, EV +1)
((You are camouflaged near water. (Stealth+)))
You have tentacles for arms and can constrict up to eight enemies at once.


Message History

You see here 2 murky orange potions.
A puff of flame appears from out of thin air!
The puff of flame hits you!
An endoplasm comes into view.
The orc hits you from afar with a +2 vampiric trident.
The orc hits you with a +2 vampiric trident.
You are too injured to fight recklessly!
You are too injured to fight recklessly!
You are too injured to fight recklessly!
Casting: Beastly Appendage (safe; 3% risk of failure)
Confirm with . or Enter, or press ? or * to list all spells.
One of your tentacles grows a vicious spike.
The orc closely misses you.
The orc wizard mumbles some strange words.
The orc wizard flickers and vanishes!
Unknown command.
You tentacle-slap the orc. You grab the orc.
The orc is moderately wounded.
You constrict the orc. The orc misses you.
You tentacle-slap the orc.
You kill the orc!
You barely miss something. You squeeze something.
You hear some strange, mumbled words.
A magic dart appears from out of thin air!
The magic dart hits you.
* * * LOW HITPOINT WARNING * * *
You are confused.
You feel invigorated. Something hits you.
You miss something.
You hear some strange, mumbled words.
A magic dart appears from out of thin air!
The magic dart hits you!
* * * LOW HITPOINT WARNING * * *
You bump into the rock wall.
You hear some strange, mumbled words.
A magic dart appears from out of thin air!
The magic dart hits you.
* * * LOW HITPOINT WARNING * * *
You bump into the rock wall.
Something hits you.
You die...

.....?.....########
...................#
......##.#.........#
......##.#.........#
......#....!...###
.!........#.##..#
##......#o# #.#
#......#{# .# #......#@#
. #####......#.#
###..........#.#
###.....................
......#####........J....
.......## #..#...#######
........# #..#...#
........# #..#...#
.<......# .....##


You could see an orc.

Vanquished Creatures
  3 gnolls (D:1)
  2 adders (D:2)
  A dart slug (D:2)
  An orc (D:3)
  4 ball pythons
  3 bats
  3 endoplasms
  A giant cockroach (D:2)
  4 goblins (D:1)
  2 hobgoblins
  2 jackals (D:2)
  3 kobolds (D:1)
  2 quokkas (D:1)
  4 frilled lizards
  5 rats
40 creatures vanquished.

Vanquished Creatures (others)
  A worm (D:3)
  A bat (D:3)
  A kobold (D:3)
3 creatures vanquished.

Grand Total: 43 creatures vanquished

Notes
Turn   | Place    | Note
-------+----------+-------------------------------------------
     0 | D:1      | acemry the Octopode Transmuter began the quest for the Orb.
     0 | D:1      | Reached XP level 1. HP: 13/13 MP: 3/3
    96 | D:1      | Reached XP level 2. HP: 16/18 MP: 1/5
   406 | D:1      | Reached skill level 3 in Transmutations
   953 | D:1      | Reached XP level 3. HP: 23/23 MP: 4/6
  1562 | D:1      | Reached skill level 4 in Transmutations
  2169 | D:1      | Reached XP level 4. HP: 9/28 MP: 5/7
  3244 | D:3      | Slain by an orc wizard

Illustrated notes

Levels and vault maps discovered:
D:1:      lordsloth_arrival_two_stooges, layout_basic
D:2:      layout_rooms
D:3:      layout_rooms, xom_confusion_cloud,
          shapermc_ecumenical_altar_flowoftime, serial_shops,
          nicolae_shop_trees, minmay_tree_intersection

Skill      XL: |  1  2  3 |
---------------+----------+-----
Transmutations | 3 4 |  4.7
Fighting       | |  1.0
Dodging        | |  2.0
Unarmed Combat | |  3.0
Spellcasting   | |  2.0

Action                   |  1- 3 |  4- 6 || total
-------------------------+-------+-------++-------
Melee: Unarmed           |    63 |    32 ||    95
       Constrict         |    16 |     8 ||    24
       Tentacles         |    12 |     6 ||    18
       Kick              |    13 |     7 ||    20
       Punch             |     1 |     1 ||     2
Throw: Dart              |     5 |       ||     5
 Cast: Beastly Appendage |    27 |     8 ||    35
  Use: Scroll            |     4 |       ||     4
       Potion            |       |     1 ||     1
 Stab: Sleeping          |     3 |     2 ||     5
Armor: Skin              |     5 |     3 ||     8
Dodge: Dodged            |    46 |    26 ||    72
